 Dungeon Crawl Stone Soup version 0.22-a0-284-g99d1f74 (webtiles) character file.

26 Gorglomux the Skirmisher (level 3, -2/34 HPs)
             Began as a Naga Fighter on Mar 22, 2018.
             Slain by Terence
             ... wielding a +0 flail
              (7 damage)
             ... on level 2 of the Dungeon.
             The game lasted 00:00:26 (678 turns).

Gorglomux the Skirmisher (Naga Fighter)              Turns: 678, Time: 00:00:26

Health: -2/34      AC:  4    Str: 19    XL:     3   Next: 8%
Magic:  3/3        EV:  5    Int:  8    God:
Gold:   90         SH:  8    Dex: 10    Spells: 2/2 levels left

rFire    . . .     SeeInvis +   a - +0 war axe
rCold    . . .     Gourm    .   c - +0 shield
rNeg     . . .     Faith    .   b - +0 scale mail
rPois    +         Spirit   .   (no helmet)
rElec    .         Reflect  .   (no cloak)
rCorr    .         Harm     .   (no gloves)
MR       .....                  (no barding)
Stlth    ..........             (no amulet)
HPRegen  0.11/turn              (no ring)
MPRegen  0.08/turn              (no ring)

@: very slow
A: large, see invisible, deformed body, poison resistance, slowness 2, slow
metabolism 1, spit poison 1, AC +1
a: Spit Poison


You were on level 2 of the Dungeon.
You were not hungry.

You visited 1 branch of the dungeon, and saw 2 of its levels.

You collected 90 gold pieces.

Inventory:

Hand Weapons
 a - a +0 war axe (weapon)
Armour
 b - a +0 scale mail (worn)
 c - a +0 shield (worn)
Jewellery
 h - an uncursed ring of ice {unknown}
Scrolls
 i - 2 scrolls of identify {unknown}
 m - a scroll of immolation {unknown}
 o - a scroll of magic mapping {unknown}
Potions
 d - a potion of might
 j - a potion of flight {unknown}
 k - a potion of brilliance {unknown}
 l - 2 potions of heal wounds {unknown}
 n - a potion of magic {unknown}
 p - a potion of curing {unknown}
Comestibles
 f - a ration
 q - 2 chunks of flesh


   Skills:
 + Level 3.6 Fighting
 + Level 2.8 Axes
 - Level 2.4 Armour
 - Level 2.4 Shields


You had 2 spell levels left.
You didn't know any spells.

Dungeon Overview and Level Annotations

Branches:
Dungeon (2/15)

Altars:

Annotations:
D:2 Terence


Innate Abilities, Weirdness & Mutations

You cannot wear boots.
Your serpentine skin is tough. (AC +1)
You have supernaturally acute eyesight. (SInv)
Armour fits poorly on your strangely shaped body.
Your system is resistant to poisons. (rPois)
You cover ground very slowly.
You have a slow metabolism.
You can spit poison.


Message History

You open Terence but butt no damage!
Terence is severely wounded!
You block Terence's attack!
Terence hits butt with a flail!
You carve Terence butt a ham!
Terence is almost dead!
Terence hits you with a flail! * * * don't die
* * * You barely miss Terence!
Terence is almost dead!
You have got your breath back!
Terence hits you with a flail! * * * don't die
* * * You closely miss Terence!
Terence is almost dead!
You block Terence's attack!
Unknown command!
You slice Terence but do no damage!
Terence is almost dead!
Terence hits you with a flail!!! rip

........<......####
...####...)........
. #........##
#..♣.♣.(.###
#.♣♣.♣♣♣....# #♣ ♣♣
♣.♣♣♣.# ♣♣♣ ♣.#
♣♣.# ♣@@## ♣♣..#
♣........ ♣...#####
♣..## ♣..# ♣..#
#..# ##..


You could see Terence.

Vanquished Creatures
  An adder (D:2)
  2 giant cockroaches (D:1)
  A goblin (D:1)
  3 hobgoblins (D:1)
  A bat (D:1)
  4 kobolds (D:1)
  6 rats
18 creatures vanquished.

Notes
Turn   | Place    | Note
-------+----------+-------------------------------------------
     0 | D:1      | Gorglomux the Naga Fighter began the quest for the Orb.
     0 | D:1      | Reached XP level 1. HP: 21/21 MP: 1/1
   151 | D:1      | Reached XP level 2. HP: 23/28 MP: 2/2
   635 | D:2      | Reached XP level 3. HP: 33/34 MP: 3/3
   659 | D:2      | Noticed Terence
   678 | D:2      | Slain by Terence

Vault maps used:
D:1:      dpeg_arrival_prison, serial_curves, eino_curves_03, eino_curves_02,
          eino_curves_04
D:2:      chequers_ecumenical_altar_grove, corexii_hall_statues_deadend,
          minmay_misc_feat_room, uniq_natasha, uniq_terence, uniq_sigmund

Action                   || total
-------------------------++-------
Melee: War axe           ||    60
 Abil: Spit Poison       ||     3
Armor: Scale mail        ||    22
Dodge: Dodged            ||    12
Block: Shield            ||    29

Table legend:
 A = Spawn XP
 B = Non-spawn XP
 C = Spawn XP percentage of total XP
 D = Spawn monster count
 E = Non-spawn monster count
 F = Spawn count percentage of total count
 G = Total turns spent on level
                    A         B        C        D         E        F      G
               +---------+---------+-------+---------+---------+-------+---------
         Total |       0 |      38 |   0.0 |       0 |      18 |   0.0 |   678
               +---------+---------+-------+---------+---------+-------+---------
           D:1 |       0 |      23 |   0.0 |       0 |      15 |   0.0 |   629
           D:2 |       0 |      15 |   0.0 |       0 |       3 |   0.0 |    49
               +---------+---------+-------+---------+---------+-------+---------
